 Dungeon Crawl Stone Soup version 0.19.0-1-g5985abe (webtiles) character file.

142669 lorenzova the Sorcerer (level 16, -10/76 HPs)
             Began as a Deep Elf Conjurer on Nov 2, 2016.
             Was the Champion of Vehumet.
             Killed from afar by Louise (34 damage)
             ... with a bolt of lightning
             ... on level 3 of the Shoals.
             The game lasted 02:14:24 (37983 turns).

lorenzova the Sorcerer (Deep Elf Conjurer)         Turns: 37983, Time: 02:14:26

Health: -10/76     AC: 17    Str:  5    XL:     16   Next: 81%
Magic:  15/52      EV: 11    Int: 28    God:    Vehumet [******]
Gold:   1786       SH:  9    Dex: 17    Spells: 8 memorised, 20 levels left

rFire  + . .     SeeInvis .     W - staff of conjuration
rCold  + . .     Gourm    .     E - +2 ring mail {MR+}
rNeg   . . .     Faith    .     X - +1 buckler {rC+}
rPois  .         Spirit   .     D - +2 hat of the High Council {Archmagi, Wiz- Stlth-}
rElec  .         Reflect  +     n - +2 cloak
rCorr  .         Harm     .     j - +0 pair of gloves
MR     +++..     Clarity  +     (no boots)
Stlth  ++........               z - +3 amulet of reflection
                                L - ring of protection from magic
                                r - ring of magical power

@: no status effects
A: horns 1, molten scales 1, agile 1, clarity, fire resistance 1
a: Renounce Religion


You were on level 3 of the Shoals.
You worshipped Vehumet.
Vehumet was exalted by your worship.
You were not hungry.

You visited 6 branches of the dungeon, and saw 28 of its levels.
You also visited: Sewer and Ice Cave.

You collected 3058 gold pieces.
You spent 1272 gold pieces at shops.

Inventory:

Armour
 j - a +0 pair of gloves (worn)
 m - a +0 buckler
 n - a +2 cloak (worn)
 t - a +3 leather armour of fire resistance
 D - the +2 hat of the High Council (worn) {Archmagi, Wiz- Stlth-}
   (You found it on level 6 of the Lair of Beasts)

   It makes you less stealthy.
 E - a +2 ring mail of magic resistance (worn)
 X - a +1 buckler of cold resistance (worn)
Magical Staves
 W - an uncursed staff of conjuration (weapon)
 Y - an uncursed staff of cold
Jewellery
 a - an uncursed ring of stealth
 l - an uncursed amulet of faith
 r - a ring of magical power (left hand)
 z - a +3 amulet of reflection (around neck)
 I - an uncursed ring of magical power
 L - a ring of protection from magic (right hand)
 Q - an uncursed amulet of harm
Wands
 B - a wand of digging (12/24)
 O - a wand of slowing (14/48)
 T - a wand of hasting (3/9)
Scrolls
 b - 2 scrolls of magic mapping
 e - 4 scrolls of fog
 h - 4 scrolls of enchant armour
 o - 3 scrolls of fear
 q - 11 scrolls of remove curse
 s - 3 scrolls of blinking
 v - 5 scrolls of recharging
 w - 3 scrolls of enchant weapon
 A - 7 scrolls of teleportation
 C - 7 scrolls of identify
 N - a scroll of amnesia
Potions
 d - 4 potions of invisibility
 f - 4 potions of brilliance
 g - 8 potions of curing
 i - 5 potions of agility
 k - 4 potions of flight
 u - 5 potions of resistance
 x - 2 potions of heal wounds
 G - 3 potions of cancellation
 H - 6 potions of haste
 R - a potion of might
 S - 2 potions of ambrosia
 U - 2 potions of berserk rage
Comestibles
 c - 15 bread rations
 p - 3 chunks of flesh


   Skills:
 - Level 8.2 Armour
 - Level 4.4 Dodging
 - Level 5.4 Stealth
 - Level 4.7 Shields
 * Level 21.7 Spellcasting
 - Level 17.3 Conjurations
 + Level 13.2 Charms
 - Level 5.2 Summonings
 + Level 5.5 Ice Magic
 * Level 9.1 Air Magic


You had 20 spell levels left.
You knew the following spells:

 Your Spells              Type           Power        Failure   Level  Hunger
a - Magic Dart            Conj           ####         1%          1    None
b - Iskenderun's Battles  Conj/Chrm      ########     1%          5    None
c - Iskenderun's Mystic   Conj           ########     1%          4    None
d - Summon Lightning Spi  Summ/Air       #######.     7%          4    None
f - Fireball              Conj/Fire      ########..   2%          5    None
h - Deflect Missiles      Chrm/Air       #######...   19%         6    None
o - Orb of Destruction    Conj           ########..   2%          7    ###....
s - Freezing Cloud        Conj/Ice/Air   ########..   5%          6    None


Dungeon Overview and Level Annotations

Branches:
Dungeon (15/15)            Temple (1/1) D:6            Lair (6/6) D:8
 Shoals (3/4) Lair:2       Spider (0/4) Lair:4        Slime (0/5) Lair:5
    Orc (2/2) D:11            Elf (1/3) Orc:2        Vaults (0/5) D:13
 Depths (0/5) D:15

Altars:
Ashenzari
Dithmenos
Elyvilon
Fedhas
Hepliaklqana
Kikubaaqudgha
Nemelex Xobeh
Qazlal
Ru
Sif Muna
Uskayaw
Vehumet
Yredelemnul
Beogh
Jiyva

Shops:
D:9 *   Orc:1 *!}   Orc:2 }!(:   Shoals:1 (

Annotations:
Shoals:3 Louise


Innate Abilities, Weirdness & Mutations

You have a pair of small horns on your head.
You are partially covered in molten scales. (AC +2)
You are agile. (Dex +2)
You possess an exceptional clarity of mind.
Your flesh is heat resistant. (rF+)


Message History

You feel a strong surge of power!
Louise blocks the orb of energy.
The orb of energy explodes!
Your battlesphere fires!
The barrage of energy hits Louise.
Louise is severely wounded.
You block the harpy's attack. The harpy closely misses you.
The harpy claws you but does no damage. The harpy claws you!
Casting: Iskenderun's Mystic Blast
Confirm with . or Enter, or press ? or * to list all spells.
Aiming: Iskenderun's Mystic Blast
Press: ? - help, Shift-Dir - straight line, f/p - Louise
Aim: Louise, wielding a short sword of draining, wearing a plate armour and wearing a glowing large shield (severely wounded)
You feel a strong surge of power!
Louise blocks the orb of energy.
Your battlesphere fires!
The barrage of energy hits Louise.
Louise is severely wounded.
You block the harpy's attack. The harpy claws you.
Louise points at you and mumbles some strange words.
The bolt of lightning hits you!
You die...

##....≈≈≈≈≈≈≈≈≈≈≈≈≈≈...
#..≈≈..≈≈≈≈≈≈≈≈≈≈≈≈≈≈..#
...≈≈≈....≈≈≈≈≈≈≈≈≈≈≈≈..
...≈≈≈........≈≈≈≈≈≈≈≈..
.≈≈≈≈.†##......≈≈≈≈≈≈≈..
.≈)≈..#####.##..≈≈≈≈≈*≈.
...≈..# ####..≈≈≈≈≈≈≈.
).....# #..H†≈≈≈≈≈.
).....##### #..@††.@..≈
.........>####..........
..#....≈≈..........##...
....≈≈≈≈≈≈......<..# ..
≈...≈≈≈≈≈≈≈≈≈...#### .
≈..≈≈≈≈≈≈≈≈≈≈..## #####..
....≈≈≈≈≈≈...≈..##...≈P.≈
.##..≈≈≈≈≈≈........P..m≈≈
.###/≈≈≈.≈≈≈≈...HP.P.≈.≈≈


You could see Louise, a harpy and a friendly battlesphere.

Vanquished Creatures
  Saint Roka (Orc:2)
  A kraken (Shoals:2)
  A stone giant (Orc:2)
  A merfolk javelineer (Shoals:3)
  2 merfolk impalers
  2 fire dragons
  4 ogre magi
  A vault guard (D:13)
  Fannar (Lair:1)
  An ice dragon (D:15)
  11 hydras
  5 merfolk aquamancers
  3 merfolk avatars
  A death knight (D:12)
  A dancing weapon (Orc:2)
  2 tengu warriors (D:15)
  4 death yaks (Lair:6)
  A deep elf knight (Orc:2)
  Nergalle (Lair:3)
  2 skeletal warriors (D:12)
  11 sea snakes
  5 unseen horrors
  An orc knight (D:15)
  A phantasmal warrior (D:12)
  8 hill giants
  4 deep elf magi
  15 harpies
  An orb spider (Lair:4)
  12 orc sorcerers
  11 fauns
  The ghost of Franakus the Sneak, a novice OpWz (D:6)
  An ugly thing (D:13)
  Maurice (D:9)
  6 cyclopes
  7 manticores
  16 elephants
  A guardian serpent (shapeshifter) (D:14)
  3 black mambas
  6 sirens
  4 water nymphs
  A gargoyle (D:13)
  2 ice statues (IceCv)
  4 centaur skeletons
  11 spiny frogs
  3 yaktaurs (D:15)
  A kobold demonologist (D:13)
  7 ice devils (IceCv)
  An efreet (D:15)
  17 komodo dragons
  A freezing wraith (D:12)
  5 rime drakes
  A tengu conjurer (D:13)
  9 trolls
  A queen bee (D:13)
  3 meliai (D:13)
  13 merfolk
  6 hornets
  2 two-headed ogres (D:15)
  8 polar bears
  2 wind drakes
  A two-headed ogre (shapeshifter) (D:13)
  20 blink frogs
  3 dream sheep (Shoals:2)
  6 snapping turtles
  8 slime creatures
  9 hippogriffs
  3 wraiths
  8 wyverns
  4 water elementals
  20 yaks
  A shadow (D:12)
  4 hogs (D:7)
  A vampire (D:14)
  4 basilisks
  A human (D:7)
  A steam dragon (D:13)
  Grum (Lair:1)
  2 wargs
  2 hungry ghosts
  A mottled dragon (D:13)
  13 vampire mosquitoes
  An insubstantial wisp (Lair:2)
  2 soldier ants
  Duvessa (D:7)
  11 porcupines
  14 water moccasins
  17 orc warriors
  2 hornet zombies
  A swamp drake (Lair:2)
  7 ice beasts
  8 black bears
  2 necrophages
  4 phantoms
  18 wolves
  15 ogres
  7 centaurs
  An eye of draining (D:11)
  11 crocodiles
  A crocodile (shapeshifter) (D:13)
  6 big kobolds
  The ghost of lorenzova the Conjurer, an amateur DECj (D:3)
  Blork the orc (D:6)
  15 bullfrogs
  A gnoll sergeant (Orc:2)
  A wyvern zombie (D:13)
  A wyvern skeleton (D:8)
  Dowan (D:7)
  5 scorpions
  A water moccasin skeleton (D:9)
  29 killer bees
  5 wights (D:11)
  2 howler monkeys (D:12)
  An electric eel (Lair:4)
  12 crimson imps
  4 centaur zombies
  2 bullfrog zombies
  19 orc priests
  7 hounds
  A quasit (D:12)
  6 jellies
  2 bullfrog skeletons (D:10)
  9 iguanas
  32 orc wizards
  4 hell rats (Lair:2)
  7 worker ants
  A hound zombie (D:11)
  2 hound skeletons
  Robin (D:2)
  14 gnolls
  16 adders
  7 shadow imps
  7 white imps (IceCv)
  7 ufetubi (IceCv)
  An ooze (Lair:5)
  An adder skeleton (D:7)
  4 worms
  2 dart slugs
  11 leopard geckos
  87 orcs
  9 giant cockroaches
  22 goblins
  12 hobgoblins
  40 kobolds
  4 ball pythons
  5 bats
  9 frilled lizards
  A jackal skeleton (D:5)
  A leopard gecko skeleton (D:4)
  A quokka skeleton (D:7)
  2 quokka zombies
  9 rats
  4 plants
  3 tentacles (Shoals:2)
953 creatures vanquished.

Vanquished Creatures (collateral kills)
  A merfolk avatar (Shoals:2)
  A sea snake (Shoals:1)
  2 fauns
  A water nymph (Shoals:1)
  4 merfolk (Shoals:3)
  2 plants (Shoals:1)
11 creatures vanquished.

Vanquished Creatures (others)
  A reaper (IceCv)
  A centaur warrior (D:15)
  A centaur (Lair:6)
  6 white imps (IceCv)
  2 orcs (Orc:2)
  17 fungi
  53 plants
  8 tentacles (Shoals:2)
89 creatures vanquished.

Grand Total: 1053 creatures vanquished

Notes
Turn   | Place    | Note
-------+----------+-------------------------------------------
     0 | D:1      | lorenzova the Deep Elf Conjurer began the quest for the Orb.
     0 | D:1      | Reached XP level 1. HP: 10/10 MP: 6/6
   179 | D:1      | Reached XP level 2. HP: 15/15 MP: 5/8
   483 | D:1      | Reached skill level 4 in Spellcasting
   758 | D:1      | Reached XP level 3. HP: 19/19 MP: 5/10
  1100 | D:2      | Found a blossoming altar of Fedhas.
  1407 | D:2      | Reached skill level 5 in Conjurations
  1560 | D:2      | Reached skill level 5 in Spellcasting
  1600 | D:2      | Reached XP level 4. HP: 24/24 MP: 9/13
  1606 | D:2      | Learned a level 4 spell: Iskenderun's Mystic Blast
  1938 | D:2      | Noticed Robin
  2122 | D:2      | Killed Robin
  2122 | D:2      | Reached XP level 5. HP: 28/28 MP: 0/15
  2954 | D:3      | Found a shattered altar of Ashenzari.
  3007 | D:3      | Found a glowing drain.
  3020 | Sewer    | Entered a sewer
  3138 | Sewer    | Reached skill level 6 in Spellcasting
  3320 | Sewer    | Reached XP level 6. HP: 24/32 MP: 17/17
  3327 | Sewer    | Learned a level 5 spell: Iskenderun's Battlesphere
  3690 | D:3      | Noticed lorenzova's ghost (amateur DECj)
  3696 | D:3      | Killed lorenzova's ghost
  3696 | D:3      | Reached skill level 1 in Charms
  4693 | D:4      | Reached skill level 7 in Spellcasting
  5380 | D:4      | Reached XP level 7. HP: 36/36 MP: 19/19
  5987 | D:5      | Entered Level 5 of the Dungeon
  6557 | D:5      | Found a sacrificial altar of Ru.
  7286 | D:6      | Reached skill level 8 in Spellcasting
  7533 | D:6      | Noticed Blork the orc
  7537 | D:6      | Killed Blork the orc
  7537 | D:6      | Reached skill level 5 in Charms
  7638 | D:6      | Noticed Franakus's ghost (novice OpWz)
  7652 | D:6      | Killed Franakus's ghost
  7652 | D:6      | Reached skill level 9 in Spellcasting
  7652 | D:6      | Reached XP level 8. HP: 35/41 MP: 3/23
  7947 | D:6      | Found a staircase to the Ecumenical Temple.
  8194 | Temple   | Entered the Ecumenical Temple
  8210 | Temple   | Became a worshipper of Vehumet
  8626 | D:7      | Noticed Dowan
  8634 | D:7      | Killed Dowan
  8681 | D:7      | Noticed Duvessa
  8711 | D:7      | Killed Duvessa
  8862 | D:7      | Reached skill level 10 in Spellcasting
  8862 | D:7      | Reached XP level 9. HP: 42/45 MP: 19/25
  9594 | D:7      | Reached * piety under Vehumet
  9594 | D:7      | Offered knowledge of Shock by Vehumet.
  9782 | D:8      | Reached skill level 11 in Spellcasting
  9785 | D:8      | Reached skill level 10 in Conjurations
 10025 | D:8      | Found a stormy altar of Qazlal.
 10026 | D:8      | Found a shadowy altar of Dithmenos.
 10267 | D:8      | Found a staircase to the Lair.
 10424 | D:8      | Reached skill level 10 in Charms
 10623 | D:8      | Reached ** piety under Vehumet
 10851 | D:8      | Offered knowledge of Throw Frost by Vehumet.
 10977 | D:8      | Found an ancient bone altar of Kikubaaqudgha.
 11057 | D:8      | Found a basalt altar of Yredelemnul.
 11113 | D:8      | Reached XP level 10. HP: 50/50 MP: 27/27
 11467 | D:9      | Reached skill level 12 in Spellcasting
 11565 | D:9      | Found Woabeq's Assorted Antiques.
 11571 | D:9      | Bought a scroll of identify for 36 gold pieces
 11716 | D:9      | Noticed Maurice
 11722 | D:9      | Killed Maurice
 12016 | D:9      | Reached skill level 13 in Spellcasting
 12161 | D:10     | Entered Level 10 of the Dungeon
 12303 | D:10     | Offered knowledge of Inner Flame by Vehumet.
 12320 | D:10     | Reached *** piety under Vehumet
 12577 | D:10     | Noticed a hill giant
 12582 | D:10     | Killed a hill giant
 12740 | D:10     | Reached XP level 11. HP: 54/54 MP: 30/30
 13038 | D:10     | Offered knowledge of Airstrike by Vehumet.
 13143 | D:10     | Killed an unseen horror
 13143 | D:10     | Reached skill level 14 in Spellcasting
 13347 | D:10     | Gained mutation: You are partially covered in molten scales. (AC +2) [potion of mutation]
 13347 | D:10     | Gained mutation: Your flesh is heat resistant. (rF+) [potion of mutation]
 13347 | D:10     | Gained mutation: You possess an exceptional clarity of mind. [potion of mutation]
 13348 | D:10     | Gained mutation: You have a pair of small horns on your head. [potion of beneficial mutation]
 13349 | D:10     | Gained mutation: You evolve. [potion of beneficial mutation]
 13430 | D:9      | Bought a hardcover book for 270 gold pieces
 13667 | D:11     | Found a staircase to the Orcish Mines.
 13719 | D:11     | Noticed a hill giant
 13723 | D:11     | Killed a hill giant
 13769 | D:11     | Reached **** piety under Vehumet
 14255 | D:11     | Reached skill level 15 in Spellcasting
 14300 | D:11     | Killed an unseen horror
 14491 | D:11     | Offered knowledge of Force Lance by Vehumet.
 14762 | Lair:1   | Entered Level 1 of the Lair of Beasts
 15008 | Lair:1   | Noticed Fannar
 15019 | Lair:1   | Killed Fannar
 15019 | Lair:1   | Reached skill level 16 in Spellcasting
 15019 | Lair:1   | Reached XP level 12. HP: 59/59 MP: 34/34
 15215 | Lair:1   | Got a polished war axe
 15253 | Lair:1   | Noticed a four-headed hydra
 15258 | Lair:1   | Killed a four-headed hydra
 15351 | Lair:1   | Noticed Grum
 15353 | Lair:1   | Killed Grum
 15544 | Lair:1   | Identified Ufitro's Guide on Displaced Toxins
 15583 | Lair:1   | Found a white marble altar of Elyvilon.
 16242 | Lair:2   | Found a staircase to the Shoals.
 16260 | Lair:2   | Reached ***** piety under Vehumet
 16262 | Lair:2   | Offered knowledge of Iron Shot by Vehumet.
 16263 | Lair:2   | Reached skill level 15 in Conjurations
 16304 | Lair:2   | Reached skill level 17 in Spellcasting
 17584 | Lair:3   | Noticed Nergalle
 17713 | Lair:3   | Killed Nergalle
 17887 | Lair:3   | Gained mutation: You are agile. (Dex +2) [evolution]
 17974 | Lair:3   | Noticed a five-headed hydra
 17978 | Lair:3   | Killed a five-headed hydra
 18086 | Lair:3   | Noticed a seven-headed hydra
 18089 | Lair:3   | Killed a seven-headed hydra
 18089 | Lair:3   | Reached skill level 18 in Spellcasting
 18089 | Lair:3   | Reached XP level 13. HP: 63/63 MP: 37/37
 18268 | Lair:3   | Reached skill level 1 in Armour
 18425 | Lair:3   | Got a coiled golden ring
 18828 | Lair:1   | Identified the ring "Heirit" {Fire Dex+2} (You found it on level 3 of the Lair of Beasts)
 18967 | Lair:4   | Identified a +1 rod of clouds (14/14) (You found it on level 4 of the Lair of Beasts)
 19088 | Lair:4   | Offered knowledge of Yara's Violent Unravelling by Vehumet.
 19384 | Lair:4   | Found a hole to the Spider Nest.
 19663 | Lair:5   | Found a frozen archway.
 19672 | IceCv    | Entered an ice cave
 19879 | IceCv    | Killed a reaper
 20846 | Lair:5   | Found a runed door.
 20846 | Lair:5   | Found a viscous altar of Jiyva.
 20846 | Lair:5   | Found a staircase to the Slime Pits.
 21501 | Lair:5   | Reached skill level 5 in Armour
 21862 | Lair:6   | Entered Level 6 of the Lair of Beasts
 22272 | Lair:6   | Offered knowledge of Orb of Destruction by Vehumet.
 22281 | Lair:6   | Learned a level 7 spell: Orb of Destruction
 22321 | Lair:6   | Reached skill level 19 in Spellcasting
 22321 | Lair:6   | Reached XP level 14. HP: 68/68 MP: 32/39
 23160 | Lair:6   | Found a hide-covered altar of Uskayaw.
 23628 | Lair:6   | Found a blossoming altar of Fedhas.
 24074 | Lair:6   | Identified Sif Muna's Disquisition on the Oath
 24545 | Lair:1   | Learned a level 4 spell: Summon Lightning Spire
 24630 | Orc:1    | Entered Level 1 of the Orcish Mines
 24630 | Orc:1    | Found Emerhen's Gadget Shop.
 24713 | Orc:2    | Entered Level 2 of the Orcish Mines
 24879 | Orc:2    | Noticed a stone giant
 24889 | Orc:2    | Killed a stone giant
 24889 | Orc:2    | Reached skill level 1 in Summonings
 25065 | Orc:2    | Found a staircase to the Elven Halls.
 25079 | Orc:2    | Reached skill level 1 in Air Magic
 25222 | Orc:1    | Found Moxt's Distillery.
 25230 | Orc:1    | Bought a potion of haste for 150 gold pieces
 25510 | Orc:1    | Found Duaff's General Store.
 25525 | Orc:1    | Bought a scroll of identify for 24 gold pieces
 25525 | Orc:1    | Bought a scroll of magic mapping for 42 gold pieces
 25729 | Orc:2    | Noticed Saint Roka
 26049 | Orc:1    | Offered knowledge of Poisonous Cloud by Vehumet.
 26160 | Orc:2    | Killed Saint Roka
 26163 | Orc:2    | Lost mutation: You evolve. [end of evolution]
 26551 | Orc:2    | Reached XP level 15. HP: 72/72 MP: 40/40
 26696 | Orc:2    | Found Uphiul's Antique Weapon Boutique.
 26774 | Orc:2    | Found a radiant altar of Vehumet.
 26783 | Orc:2    | Reached skill level 20 in Spellcasting
 26905 | Orc:2    | Found an ancient bone altar of Kikubaaqudgha.
 27030 | Orc:2    | Found a roughly hewn altar of Beogh.
 27030 | Orc:2    | Found Zochaj's Distillery.
 27144 | Orc:2    | Found Moaheroz's Book Shop.
 27170 | Orc:2    | Bought a potion of heal wounds for 55 gold pieces
 27170 | Orc:2    | Bought a potion of heal wounds for 55 gold pieces
 27201 | Orc:2    | Found Foobo's Gadget Shop.
 27440 | Orc:2    | Bought the Catalogue of Fire and Good Luck for 640 gold pieces
 27448 | Orc:2    | Learned a level 5 spell: Fireball
 27455 | Orc:2    | Learned a level 6 spell: Deflect Missiles
 27702 | D:12     | Reached skill level 1 in Shields
 27944 | D:11     | Reached skill level 5 in Stealth
 28936 | D:13     | Reached skill level 5 in Summonings
 29210 | D:13     | Offered knowledge of Freezing Cloud by Vehumet.
 29277 | D:13     | Learned a level 6 spell: Freezing Cloud
 29953 | D:13     | Found a gate to the Vaults.
 30825 | D:14     | Reached skill level 5 in Air Magic
 31329 | D:15     | Entered Level 15 of the Dungeon
 31762 | D:15     | Reached skill level 1 in Ice Magic
 32019 | D:15     | Found a basalt altar of Yredelemnul.
 32190 | D:15     | Reached ****** piety under Vehumet
 32534 | D:15     | Found a staircase to the Depths.
 33265 | Lair:1   | Offered knowledge of Poison Arrow by Vehumet.
 33385 | D:11     | Reached XP level 16. HP: 76/76 MP: 42/42
 33424 | Elf:1    | Entered Level 1 of the Elven Halls
 33813 | Shoals:1 | Entered Level 1 of the Shoals
 34562 | Shoals:1 | Reached skill level 21 in Spellcasting
 34568 | Shoals:1 | Found Korot's Weapon Boutique.
 35923 | Shoals:2 | Noticed a kraken
 36141 | Shoals:2 | Killed a kraken
 37212 | Shoals:3 | Offered knowledge of Conjure Ball Lightning by Vehumet.
 37232 | Shoals:3 | Reached skill level 5 in Ice Magic
 37282 | Shoals:3 | HP: 3/76 [merfolk/trident of venom (17)]
 37977 | Shoals:3 | Noticed Louise
 37983 | Shoals:3 | Killed from afar by Louise

Skill      XL: |  1  2  3  4  5  6  7  8  9 10 11 12 13 14 15 16 |
---------------+-------------------------------------------------+-----
Spellcasting   | 4 5 6 7 9 10 11 13 16 18 19 20 21 | 21.7
Conjurations   | 5 6 8 9 10 12 14 15 16 17 | 17.3
Charms         | 2 6 7 10 11 13 | 13.2
Armour         | 6 8 |  8.2
Summonings     | 3 5 |  5.2
Air Magic      | 3 6 9 |  9.1
Stealth        | 4 5 |  5.4
Dodging        | 3 4 |  4.4
Shields        | 4 |  4.7
Ice Magic      | 2 5 |  5.5

Action                   |  1- 3 |  4- 6 |  7- 9 | 10-12 | 13-15 | 16-18 || total
-------------------------+-------+-------+-------+-------+-------+-------++-------
Melee: Short sword       |       |     8 |     5 |     8 |       |       ||    21
       Staff             |       |       |       |   306 |     1 |       ||   307
       Headbutt          |       |       |       |    85 |       |       ||    85
 Cast: Magic Dart        |    89 |   179 |   261 |   358 |   690 |   138 ||  1715
       Iskenderun's Myst |       |     6 |    28 |    63 |   261 |   125 ||   483
       Iskenderun's Batt |       |       |    22 |    73 |   169 |    50 ||   314
       Orb of Destructio |       |       |       |       |     9 |       ||     9
       Fireball          |       |       |       |       |     4 |     5 ||     9
       Summon Lightning  |       |       |       |       |       |    16 ||    16
Evoke: Wand              |       |       |       |       |     2 |       ||     2
  Use: Scroll            |       |     9 |     5 |    18 |    11 |     2 ||    45
       Potion            |       |       |       |     3 |       |     7 ||    10
 Stab: Sleeping          |       |       |     1 |     1 |       |       ||     2
  Eat: Chunk             |     2 |    11 |    19 |    18 |    35 |     7 ||    92
       Pizza             |       |     1 |     1 |     2 |     2 |       ||     6
       Royal jelly       |       |       |       |     1 |     1 |     1 ||     3
       Bread ration      |       |       |       |     1 |     1 |       ||     2
       Fruit             |       |       |       |       |     6 |     4 ||    10
Armor: Robe              |     1 |     3 |     7 |       |     1 |       ||    12
       Leather armour    |       |       |     6 |     1 |       |       ||     7
       Troll leather arm |       |       |       |    21 |       |       ||    21
       Ring mail         |       |       |       |       |    74 |    43 ||   117
Dodge: Dodged            |     4 |    18 |    32 |    33 |    76 |    46 ||   209
Block: Other             |       |       |       |     2 |    16 |       ||    18
       Reflection        |       |       |       |       |    10 |     4 ||    14
       Buckler           |       |       |       |       |    22 |    33 ||    55
